 Dungeon Crawl Stone Soup version 0.31.0-32-g396128a36d (webtiles) character file.

Game seed: 7719741081828115219

16108 Nukus the Covert (level 12, -8/60 HPs)
             Began as a Felid Alchemist on Mar 24, 2024.
             Was the Champion of Ru.
             Engulfed by a cloud of steam (16 damage)
             ... on level 2 of the Lair of Beasts.
             The game lasted 00:52:28 (10686 turns).

Nukus the Covert (Felid Alchemist)                 Turns: 10686, Time: 00:52:29

Health: -8/60      AC:  3    Str:  6    XL:     12   Next: 7%
Magic:  13/32      EV: 27    Int: 21    God:    Ru [******]
Gold:   379        SH:  0    Dex: 18    Spells: 6/25 levels left
                                        Lives:  0   Deaths: 4

rFire   x .          .
                       - Unarmed
rCold   . . .        (shield unavailable)
rNeg    . . .        (body armour unavailable)
rPois   .            (helmet unavailable)
rElec   .            (cloak unavailable)
rCorr   .            (gloves unavailable)
SInv    +            (boots unavailable)
Will    +....        (no amulet)
Stlth   ++           b - +5 ring of evasion
HPRegen 0.30/turn    j - ring of magical power
MPRegen 0.23/turn

%: no passive effects
@: very slow
A: very small, claws 1, fangs 3, see invisible, shaggy fur 3, inability to read
after injury 2, inability to use devices, unskilled 1, stealthy paws,
temperature sensitive, no weapons or thrown items, no armour, multi-lived
a: Renounce Religion, Draw Out Power, Power Leap, Apocalypse


You were on level 2 of the Lair of Beasts.
You worshipped Ru.
Ru was exalted by your worship.
You visited 2 branches of the dungeon, and saw 10 of its levels.
You also visited: Sewer and Ossuary.

You collected 600 gold pieces.
You spent 221 gold pieces at shops.

Inventory:

Jewellery
 b - a +5 ring of evasion (left paw)
 e - a ring of flight
 j - a ring of magical power (right paw)
 n - a +6 ring of intelligence
 o - a +6 ring of dexterity
 u - a ring of resist corrosion
 w - an amulet of regeneration
Scrolls
 f - 5 scrolls of teleportation
 i - 4 scrolls of fog
 m - 2 scrolls of amnesia
 t - a scroll of vulnerability
Potions
 a - a potion of magic
 c - 3 potions of curing
 d - 3 potions of ambrosia
 g - a potion of lignification {unknown}
 h - 3 potions of haste
 k - a potion of invisibility {unknown}
 l - 4 potions of enlightenment
 p - 2 potions of brilliance
 q - 3 potions of might
 r - a potion of mutation {unknown}
 s - 2 potions of attraction {unknown}
 v - a potion of cancellation {unknown}


   Skills:
 * Level 5.3 Fighting
 * Level 7.6 Dodging
 * Level 8.0 Stealth
 * Level 7.0 Unarmed Combat
 * Level 7.2 Spellcasting
 * Level 4.9 Conjurations
 * Level 1.2 Hexes
 * Level 4.2 Fire Magic
 * Level 0.6 Ice Magic
 * Level 4.5 Air Magic
 * Level 7.1 Alchemy


You had 6 spell levels left.
You knew the following spells:

 Your Spells              Type           Power      Damage    Failure   Level
a - Sting                 Conj/Alch      100%       1d9       1%          1
b - Mercury Vapours       Alch/Air       64%        N/A       1%          2
c - Mephitic Cloud        Conj/Alch/Air  30%        N/A       2%          3
d - Olgreb's Toxic Radia  Alch           37%        N/A       4%          4
e - Sticky Flame          Fire/Alch      31%        2d7       9%          4
f - Metabolic Englaciati  Hex/Ice        5%         N/A       86%         5

Your spell library contained the following spells:

 Spells                   Type           Power      Damage    Failure   Level
 Ozocubu's Armour         Ice            10%        N/A       21%         3
 Sculpt Simulacrum        Ice/Alch       12%        N/A       95%         6


Dungeon Overview and Level Annotations

Branches:
Dungeon (8/15)             Temple (0/1) D:5            Lair (2/5) D:8
 Shoals (0/4) Lair:2        Sewer (visited)         Ossuary (visited)
  Snake: Lair:2-3    Spider: Lair:2-3

Altars:
Ashenzari
Fedhas
Gozag
Makhleb
Nemelex Xobeh
Qazlal
Ru
Wu Jian
Yredelemnul
Zin
The Shining One

Shops:
D:1 :   D:4 ?!*((   D:7 (


Innate Abilities, Weirdness & Mutations

You have sharp claws.
You have razor-sharp teeth.
You have supernaturally acute eyesight. (SInv)
Your thick and shaggy fur keeps you warm. (AC +3, rC+)
You sometimes lose the ability to read scrolls when taking damage.
You cannot study or use magical devices.
You are somewhat unskilled. (-1 Apt)
Your paws help you pounce on unaware monsters.
You are sensitive to extremes of temperature. (rF-, rC-)
You are incapable of wielding weapons or throwing items.
You cannot wear armour.
You gain extra lives every three experience levels.


Message History

Casting: Mephitic Cloud (dangerous; 2% risk of failure)
Confirm with . or Enter, or press ? or * to list all spells.
Aiming: Sticky Flame (dangerous; 9% risk of failure)
Press: ? - help, Shift-Dir - straight line, f - cane toad, p - steam dragon
Aim: a cane toad (severely wounded)
The sticky flame hits the cane toad.
The cane toad is severely wounded.
The flames covering the cane toad go out.
The cane toad stops burning.
The cane toad is engulfed in a cloud of scalding steam.
The cane toad barely misses you.
Casting: Sticky Flame (dangerous; 9% risk of failure)
Confirm with . or Enter, or press ? or * to list all spells.
Aiming: Sticky Flame (dangerous; 9% risk of failure)
Press: ? - help, Shift-Dir - straight line, f/p - cane toad
Aim: a cane toad (almost dead)
The sticky flame hits the cane toad.
You kill the cane toad!
You are engulfed in a cloud of scalding steam.
* * * LOW HITPOINT WARNING * * *
The basilisk is engulfed in a cloud of scalding steam.
The basilisk gazes at you. You resist with almost no effort.
The cane toad is engulfed in a cloud of scalding steam.
You feel better.
You are engulfed in a cloud of scalding steam.
* * * LOW HITPOINT WARNING * * *
The basilisk is engulfed in a cloud of scalding steam.
The cane toad is engulfed in a cloud of scalding steam.
The cane toad completely misses you.
Unknown command.
Casting: Sticky Flame (dangerous; 9% risk of failure)
Confirm with . or Enter, or press ? or * to list all spells.
Aiming: Sticky Flame (dangerous; 9% risk of failure)
Press: ? - help, Shift-Dir - straight line, f - basilisk
Aim: a basilisk (steam, almost dead)
The sticky flame hits the basilisk!
You kill the basilisk!
You are engulfed in a cloud of scalding steam.
You die...

....)..............#.........
##..°.○.....#..#..P.#...
#....○.....###......#...
#...°.DD...............#
#....................P#
....##......>....P....P##
#...##.#..§§§..~...#....#
###.......F§#.~~~~ ..#..#
....#...@##~#.~##......
###.##.#..#~..~#...#... #.
##...~.lS.~....... ...
#..~#..†F.......#
...###.~##~~.~#....###
.......~#~~~.###.#.#
...###.?~~..~.~...$..
#.######.P.##..... ## #####
##.$.


You could see a cane toad and a steam dragon (confused).

Vanquished Creatures
  A two-headed ogre (D:7)
  Erica (D:8)
  A centaur warrior (D:8)
  A boulder beetle (Lair:1)
  Pikel (D:4)
  5 elephants (Lair:1)
  6 cane toads
  Jeremiah (D:8)
  A komodo dragon (Lair:1)
  A rime drake (shapeshifter) (D:8)
  2 hornets
  A polar bear (Lair:1)
  5 blink frogs (Lair:2)
  Sigmund (D:6)
  10 yaks
  4 basilisks
  A wyvern (Lair:1)
  Edmund (D:6)
  5 water moccasins
  Duvessa (D:4)
  Pargi (Sewer)
  An orc warrior (D:8)
  2 sky beasts
  A black bear (D:6)
  An ogre (D:5)
  8 wolves
  A centaur (D:5)
  2 lemures (D:4)
  2 brain worms (Sewer)
  10 bullfrogs
  A gnoll sergeant (D:7)
  3 scorpions
  5 water moccasin zombies (Ossuary)
  A burial acolyte (Ossuary)
  Dowan (D:4)
  12 wights (D:8)
  A howler monkey (D:7)
  A bombardier beetle (D:5)
  A bullfrog zombie (D:4)
  A gnoll bouda (D:4)
  6 orc priests
  3 hounds
  2 jellies
  A spectral scorpion (Ossuary)
  3 iguanas
  9 orc wizards
  A scorpion zombie (D:4)
  A crocodile zombie (Ossuary)
  A bullfrog simulacrum (Ossuary)
  2 mummies (Ossuary)
  12 adders
  8 gnolls
  A river rat (D:5)
  2 shadow imps
  A white imp (D:7)
  4 ufetubi (D:6)
  6 adder zombies
  An adder skeleton (D:4)
  The ghost of brilapsti the Covert, a weakling GnDe (D:5)
  4 dart slugs
  4 ribbon worms
  40 orcs
  7 endoplasms
  7 giant cockroaches
  14 goblins
  9 hobgoblins
  3 jackals (D:1)
  9 quokkas
  5 ball pythons
  4 bats
  4 frilled lizards
  10 gnoll zombies (Ossuary)
  2 jackal zombies (Ossuary)
  10 kobolds
  3 orc zombies (Ossuary)
  5 rats
311 creatures vanquished.

Vanquished Creatures (collateral kills)
  2 ufetubi (D:6)
2 creatures vanquished.

Vanquished Creatures (others)
  A komodo dragon (Lair:1)
  A water moccasin (Lair:2)
  An orc wizard (D:8)
3 creatures vanquished.

Grand Total: 316 creatures vanquished

Notes
Turn   | Place    | Note
-------+----------+-------------------------------------------
     0 | D:1      | Nukus the Felid Alchemist began the quest for the Orb.
     0 | D:1      | Reached XP level 1. HP: 9/9 MP: 4/4
    18 | D:1      | Found Kofeces's Book Shop.
    45 | D:1      | Reached skill level 1 in Conjurations
   204 | D:1      | Reached XP level 2. HP: 13/13 MP: 6/6
   207 | D:1      | Learned a level 2 spell: Mercury Vapours
   612 | D:1      | Reached XP level 3. HP: 17/17 MP: 7/7
   616 | D:1      | Learned a level 3 spell: Mephitic Cloud
   850 | D:1      | Reached skill level 1 in Fighting
  1311 | D:2      | Reached skill level 3 in Stealth
  1311 | D:2      | Reached skill level 1 in Unarmed Combat
  1311 | D:2      | Reached XP level 4. HP: 22/22 MP: 5/8
  1311 | D:2      | Gained a life (2 lives remaining)
  1746 | D:2      | Found a sacrificial altar of Ru.
  1820 | D:2      | Became a worshipper of Ru the Awakened
  2545 | D:3      | Found a glowing golden altar of the Shining One.
  2571 | D:3      | Noticed a fire elemental
  2603 | D:3      | Reached skill level 1 in Air Magic
  2603 | D:3      | Reached XP level 5. HP: 9/25 MP: 3/10
  2698 | D:3      | Found a stormy altar of Qazlal.
  2702 | D:3      | Noticed a water elemental
  2706 | D:3      | Noticed an air elemental
  2758 | D:3      | Killed from afar by an orc priest
  2758 | D:3      | Lost a life (1 life remaining)
  3003 | D:4      | Gained mutation: You cannot study or use magical devices.
                  | [Ru sacrifice]
  3003 | D:4      | Reached * piety under Ru
  3003 | D:4      | Reached ** piety under Ru
  3028 | D:4      | Found Cyachaym's Antique Weapon Emporium.
  3036 | D:4      | Gained mutation: You are covered in thick fur. (AC +2)
                  | [Felid growth]
  3036 | D:4      | Reached XP level 6. HP: 28/30 MP: 5/11
  3142 | D:4      | Learned a level 4 spell: Olgreb's Toxic Radiance
  3170 | D:4      | Found Obar's Weapon Boutique.
  3285 | D:4      | Found Rirchev's Assorted Antiques.
  3291 | D:4      | Bought 2 fuming blue potions for 45 gold pieces
  3305 | D:4      | Noticed Pikel
  3336 | D:4      | Reached skill level 4 in Stealth
  3350 | D:4      | Slain by a wight
  3350 | D:4      | Lost a life (0 lives remaining)
  3356 | D:4      | Paralysed by Pikel for 4 turns
  3374 | D:4      | Killed Pikel
  3375 | D:4      | Reached XP level 7. HP: 23/35 MP: 10/13
  3375 | D:4      | Gained a life (1 life remaining)
  3447 | D:4      | Found a sacrificial altar of Ru.
  3449 | D:4      | Found a broken altar of Ashenzari.
  3573 | D:4      | Found Cuufirok's Distillery.
  3631 | D:4      | Bought a potion of curing for 33 gold pieces
  3631 | D:4      | Bought 2 potions of heal wounds for 110 gold pieces
  3631 | D:4      | Bought a potion of curing for 33 gold pieces
  3673 | D:4      | Found Iheidamm's Magic Scroll Shoppe.
  3746 | D:4      | Noticed Dowan
  3751 | D:4      | Noticed Duvessa
  3772 | D:4      | Killed Dowan
  3784 | D:4      | Killed Duvessa
  3785 | D:4      | Reached XP level 8. HP: 26/39 MP: 10/14
  3969 | D:4      | Reached skill level 5 in Dodging
  3990 | D:4      | Found an opulent altar of Gozag.
  4031 | D:5      | Entered Level 5 of the Dungeon
  4111 | D:5      | Reached skill level 5 in Stealth
  4209 | D:5      | Found a glowing drain.
  4213 | Sewer    | Entered a sewer
  4239 | Sewer    | Noticed Pargi
  4247 | Sewer    | Killed Pargi
  4467 | D:5      | Found a staircase to the Ecumenical Temple.
  4588 | D:5      | Reached skill level 5 in Unarmed Combat
  4637 | D:5      | Learned a level 4 spell: Sticky Flame
  4648 | D:5      | Found a sparkling altar of Nemelex Xobeh.
  4795 | D:5      | Found a runed translucent door.
  4795 | D:5      | Noticed a hornet
  4800 | D:5      | Noticed brilapsti's ghost (weakling GnDe)
  4803 | D:5      | Killed a hornet
  5258 | D:5      | Killed brilapsti's ghost
  5316 | D:6      | Noticed Edmund
  5335 | D:6      | Killed Edmund
  5336 | D:6      | Reached XP level 9. HP: 33/44 MP: 8/16
  5358 | D:6      | Found a sand-covered staircase.
  5363 | Ossuary  | Entered an ossuary
  5440 | Ossuary  | Gained mutation: You are sensitive to extremes of
                  | temperature. (rF-, rC-) [Ru sacrifice]
  5440 | Ossuary  | Reached *** piety under Ru
  5440 | Ossuary  | Reached **** piety under Ru
  5587 | Ossuary  | Reached skill level 6 in Stealth
  5587 | Ossuary  | Reached skill level 1 in Fire Magic
  5772 | D:6      | Noticed Sigmund
  5782 | D:6      | Killed Sigmund
  5783 | D:6      | Reached skill level 5 in Alchemy
  6852 | D:7      | Noticed a two-headed ogre
  6864 | D:7      | Killed a two-headed ogre
  6865 | D:7      | Reached skill level 5 in Spellcasting
  7037 | D:7      | Found Ytwaqeum's Weapon Shoppe.
  7224 | D:7      | Reached XP level 10. HP: 50/50 MP: 16/19
  7224 | D:7      | Gained a life (2 lives remaining)
  7752 | D:8      | Gained mutation: You occasionally lose the ability to read
                  | scrolls when taking damage. [Ru sacrifice]
  7752 | D:8      | Gained mutation: You sometimes lose the ability to read
                  | scrolls when taking damage. [Ru sacrifice]
  7752 | D:8      | Reached ***** piety under Ru
  7777 | D:8      | Found a blossoming altar of Fedhas.
  7807 | D:8      | Found a basalt altar of Yredelemnul.
  7815 | D:8      | Found a burning altar of Makhleb.
  7816 | D:8      | Found a glowing silver altar of Zin.
  7829 | D:8      | Found a staircase to the Lair.
  7986 | D:8      | Reached skill level 7 in Stealth
  8319 | D:8      | Paralysed by a hornet for 1 turns
  8369 | D:8      | Noticed Erica
  8372 | D:8      | Noticed a centaur warrior
  8392 | D:8      | Killed Erica
  8421 | D:8      | Noticed Jeremiah
  8427 | D:8      | Killed a centaur warrior
  8434 | D:8      | Killed Jeremiah
  8435 | D:8      | Reached skill level 5 in Fighting
  8738 | D:8      | Reached XP level 11. HP: 32/55 MP: 3/22
  9038 | D:8      | Found an ornate altar of the Wu Jian Council.
  9085 | Lair:1   | Entered Level 1 of the Lair of Beasts
  9321 | Lair:1   | Slain by a komodo dragon
  9321 | Lair:1   | Lost a life (1 life remaining)
  9341 | Lair:1   | Reached skill level 8 in Stealth
  9370 | Lair:1   | Reached skill level 5 in Conjurations
 10027 | Lair:1   | Noticed a boulder beetle
 10037 | Lair:1   | Killed a boulder beetle
 10234 | Lair:1   | Learned a level 5 spell: Metabolic Englaciation
 10391 | Lair:2   | Gained mutation: You are somewhat unskilled. (-1 Apt) [Ru
                  | sacrifice]
 10391 | Lair:2   | Reduced skill Stealth to level 7
 10391 | Lair:2   | Reached ****** piety under Ru
 10601 | Lair:2   | Gained mutation: Your thick and shaggy fur keeps you warm.
                  | (AC +3, rC+) [Felid growth]
 10601 | Lair:2   | Reached XP level 12. HP: 32/60 MP: 13/23
 10603 | Lair:2   | Reached skill level 1 in Hexes
 10610 | Lair:2   | Found a staircase to the Shoals.
 10661 | Lair:2   | Slain by a water moccasin
 10661 | Lair:2   | Lost a life (0 lives remaining)
 10673 | Lair:2   | Reached skill level 8 in Stealth
 10686 | Lair:2   | Engulfed by a cloud of steam

Illustrated notes

Levels and vault maps discovered:
D:1:      lemuel_arrival_room, layout_loops_cross, serial_shops, shop,
          minmay_misc_feat_alley
D:2:      cheibrodos_pilgrimage, layout_basic, basic_altar, chequers_mini_garden
D:3:      layout_rooms, lemuel_crystal_altar, nicolae_qazlal_style_of_elements
D:4:      layout_basic, jmf_multi_god_temple, mainiacjoe_overflow_alcove_4,
          serial_undead, serial_undead_e, serial_undead_e, serial_undead_c,
          serial_undead_d, serial_shops, nicolae_shop_hallway_plus,
          nicolae_shop_behind_doors, nicolae_shop_bloodbath_and_beyond, shop,
          nicolae_shop_statue_plus, st_stairs_9, uniq_pikel, uniq_duvessa
D:5:      layout_basic, nemelex_dance_club_becter,
          minmay_temple_entry_statues_pillars, ebering_ghost_sewer_d,
          gup_sewer_entry_spiral, serial_curves, eino_curves_01, eino_curves_04
D:6:      layout_basic, enter_ossuary_5, chequers_serial_rivers_small_a,
          uniq_sigmund, uniq_edmund
D:7:      layout_basic, serial_shops, nicolae_shop_stone, st_stairs_11
D:8:      kennysheep_big_flooded_room, layout_basic,
          lemuel_coloured_pillars_altar, lemuel_round_altar,
          gammafunk_temple_overflow_forgotten, lair_entry_dummy, uniq_erica,
          uniq_jeremiah
Lair:1:   layout_hall_layers
Lair:2:   layout_misc_corridors, elwin_shoals_entry_rocks,
          minmay_snake_entry_guardpost_small

Skill      XL: |  1  2  3  4  5  6  7  8  9 10 11 12 |
---------------+-------------------------------------+-----
Conjurations   | 1 2 3 4 4 |  4.9
Alchemy        | 3 4 5 6 7 |  7.1
Fighting       | 1 2 3 4 5 |  5.3
Stealth        | 3 4 5 6 7 7 8 |  8.0
Unarmed Combat | 1 2 4 5 6 7 7 |  7.0
Dodging        | 3 4 5 6 7 7 |  7.6
Air Magic      | 1 2 3 4 |  4.5
Spellcasting   | 3 4 5 6 7 |  7.2
Fire Magic     | 2 3 4 |  4.2
Hexes          | 1 |  1.2
Ice Magic      | |  0.6

Action                     |  1- 3 |  4- 6 |  7- 9 | 10-12 || total
---------------------------+-------+-------+-------+-------++-------
  Melee: Unarmed           |    58 |   197 |   225 |    72 ||   552
         Bite              |     3 |    20 |    33 |    10 ||    66
         Punch             |       |     1 |    12 |     4 ||    17
   Cast: Sting             |    15 |     9 |     1 |       ||    25
         Mercury Vapours   |    17 |    13 |    17 |     9 ||    56
         Mephitic Cloud    |     2 |    10 |    20 |    14 ||    46
         Olgreb's Toxic Ra |       |     1 |    17 |    15 ||    33
         Sticky Flame      |       |       |    17 |    62 ||    79
 Invoke: Sacrifice Artific |       |     1 |       |       ||     1
         Power Leap        |       |       |     5 |    10 ||    15
         Sacrifice Resista |       |       |     1 |       ||     1
         Apocalypse        |       |       |       |     2 ||     2
         Sacrifice Words   |       |       |       |     1 ||     1
         Sacrifice Skill   |       |       |       |     1 ||     1
    Use: Scroll            |     6 |     4 |     7 |     6 ||    23
         Potion            |       |     6 |     5 |     9 ||    20
   Stab: Sleeping          |     7 |     5 |     8 |     3 ||    23
         Confused          |     3 |     3 |     5 |     1 ||    12
         Paralysed         |       |       |       |     3 ||     3
 Armour: Skin              |    15 |    61 |    37 |    73 ||   186
  Dodge: Dodged            |    68 |   197 |   220 |   191 ||   676
